 Dungeon Crawl Stone Soup version 0.29.1-13-g9f3cf754e1 (console) character file.

Game seed: 16103884991061767494

81 om the Magician (level 4, 0/31 HPs)
             Began as a Djinni Fire Elementalist on Jan 30, 2023.
             Slain by a gnoll
             ... wielding a +0 halberd
              (11 damage)
             ... on level 2 of the Dungeon.
             The game lasted 00:03:26 (2049 turns).

om the Magician (Djinni Fire Elementalist)          Turns: 2049, Time: 00:03:26

Health: 0/31       AC:  3    Str:  7    XL:     4   Next: 68%
Gold:   92         EV: 12    Int: 19    God:
                   SH:  0    Dex: 13

rFire   + + .      SeeInvis .   g - +0 short sword
rCold   x . .      Faith    .   (no shield)
rNeg    . . .      Spirit   .   a - +0 robe
rPois   ∞          Reflect  .   (no helmet)
rElec   .          Harm     .   c - +0 cloak
rCorr   .          Rampage  .   (no gloves)
Will    .....                   (boots unavailable)
Stlth   ++........              (no amulet)
HPRegen 0.10/turn               (no ring)
MPRegen 0.00/turn               (no ring)

@: flying
A: sickness immunity, fire resistance 2, cold vulnerability 1, float, innate
caster, HP casting, extra vitality 1
a: no special abilities


You were on level 2 of the Dungeon.
You visited 1 branch of the dungeon, and saw 2 of its levels.

You collected 92 gold pieces.

Inventory:

Hand Weapons
 g - a +0 short sword (weapon)
Armour
 a - a +0 robe (worn)
 c - a +0 cloak (worn)
Scrolls
 e - a scroll of teleportation {unknown}
 j - a scroll of vulnerability {unknown}
 l - a scroll of identify {unknown}
Potions
 b - a potion of attraction {unknown}
 d - a potion of magic {unknown}
 f - 2 potions of degeneration {unknown}
 h - a potion of mutation {unknown}
 i - a potion of might {unknown}
 k - a potion of resistance {unknown}


   Skills:
 + Level 0.1 Fighting
 + Level 2.4 Dodging
 + Level 2.0 Stealth
 + Level 0.1 Unarmed Combat
 + Level 3.6 Spellcasting


You couldn't memorise any spells.
You knew the following spells:

 Your Spells              Type           Power      Damage    Failure   Level
a - Foxfire               Conj/Fire      68%        2x1d7     3%          1
b - Scorch                Fire           34%        2d6       4%          2
c - Conjure Flame         Conj/Fire      17%        6-21      10%         3
d - Inner Flame           Hex/Fire       17%        N/A       10%         3
e - Flame Wave            Conj/Fire      17%        2d7       32%         4
f - Slow                  Hex            68%        N/A       3%          1
Your spell library was empty.

Dungeon Overview and Level Annotations

Branches:
Dungeon (2/15)

Altars:

Shops:
D:2 :(

Annotations:
D:2 Terence


Innate Abilities, Weirdness & Mutations

You are immune to sickness and miasma.
You are immune to poison.
Your flesh is very heat resistant. (rF++)
You are vulnerable to cold. (rC-)
You float through the air rather than walking.
You learn spells naturally, not from books.
Your magical power is your life essence.
You have superior vitality. (+4 MHP)


Message History

The gnoll is lightly wounded.
The gnoll's fire resistance burns away.
You conjure some foxfire!
You are too injured to fight recklessly!
Unknown command.
Casting: Foxfire (safe; 3% risk of failure)
Press: ? - help, Q - select action, (/) - cycle Dir - look around, f - activate You conjure some foxfire!
The foxfire hits the gnoll!
The gnoll is burned terribly!
The gnoll is severely wounded.
The foxfire hits the gnoll but does no damage.
The gnoll is severely wounded.
Terence shouts, "Now you die!"
The gnoll is no longer more vulnerable to fire.
The foxfire hits the gnoll.
The gnoll is almost dead.
The foxfire hits Terence but does no damage.
The gnoll is no longer more vulnerable to fire.
Casting: Foxfire (safe; 3% risk of failure)
Confirm with . or Enter, or press ? or * to list all spells.
Flames lash Terence.
Terence resists.
Terence is lightly wounded.
Terence's fire resistance burns away.
You are too injured to fight recklessly!
Casting: Foxfire (safe; 3% risk of failure)
Press: ? - help, Q - select action, (/) - cycle Dir - look around, f - activate You conjure some foxfire!
Casting: Foxfire (safe; 3% risk of failure)
Press: ? - help, Q - select action, (/) - cycle Dir - look around, f - activate
Okay, then.
Terence looks scornfully at you.
Casting: Foxfire (safe; 3% risk of failure)
Press: ? - help, Q - select action, (/) - cycle Dir - look around, f - activate You conjure some foxfire!
Terence is no longer more vulnerable to fire.
The foxfire hits Terence but does no damage.
Terence is lightly wounded.
Terence says, "You're history."
The gnoll hits you from afar with a +0 halberd!
You die...

#.. #... #.... #######
#...
#....#######.....####...
#....#.......###.#..'...
#....#.####### #.#.##...
#..).#.# #........
###....gg# #. ###......
......≈≈≈#####.# .....###
.....≈≈≈v@§§...######### #
.....≈≈v§§#####........###
.....≈§§§≈................
......§§~...............##
.....§§.#...............#
....§§..#######...<....##
....v...# #...†....#
..§§...[# #........#
....... #........#


You could see 2 gnolls.

Vanquished Creatures
  2 gnolls
  2 adders (D:2)
  A worm (D:2)
  3 bats
  6 endoplasms
  2 giant cockroaches (D:2)
  3 goblins
  3 hobgoblins
  6 jackals
  2 kobolds
  2 quokkas (D:2)
  A ball python (D:1)
  3 rats (D:1)
36 creatures vanquished.

Vanquished Creatures (others)
  65 foxfires
  10 plants (D:1)
75 creatures vanquished.

Grand Total: 111 creatures vanquished

Notes
Turn   | Place    | Note
-------+----------+-------------------------------------------
     0 | D:1      | om the Djinni Fire Elementalist began the quest for the
                  | Orb.
     0 | D:1      | om set off with the following spells memorised: Foxfire,
                  | Scorch, Conjure Flame, Inner Flame, Flame Wave.
     0 | D:1      | Reached XP level 1. HP: 15/15 MP: 0/0
   312 | D:1      | Reached XP level 2. HP: 12/21 MP: 0/0
   908 | D:1      | Found a faded altar of an unknown god.
   975 | D:1      | Reached skill level 3 in Spellcasting
  1144 | D:1      | Reached XP level 3. HP: 18/25 MP: 0/0
  1144 | D:1      | Learned a level 1 spell: Slow
  1491 | D:2      | Found Joirikug's Weapon Boutique.
  1651 | D:2      | Reached XP level 4. HP: 30/31 MP: 0/0
  2028 | D:2      | Found Zoaxitem's Book Boutique.
  2036 | D:2      | Noticed Terence
  2049 | D:2      | Slain by a gnoll

Illustrated notes

Levels and vault maps discovered:
D:1:      matt_arrival_los_fun, layout_loops_ring,
          shapermc_ecumenical_altar_totnotflames, nicolae_grassy_gnolls
D:2:      layout_basic, serial_shops, shop, nicolae_shop_statue_plus,
          nicolae_shop_waterfront, shop_coins, shop_statue, uniq_terence,
          uniq_natasha, uniq_jessica

Skill      XL: |  1  2  3  4 |
---------------+-------------+-----
Spellcasting   | 3 |  3.6
Stealth        | 2 |  2.0
Fighting       | |  0.1
Dodging        | |  2.4
Unarmed Combat | |  0.1

Action                   |  1- 3 |  4- 6 || total
-------------------------+-------+-------++-------
Melee: Short sword       |    15 |     3 ||    18
       Unarmed           |     2 |       ||     2
 Cast: Foxfire           |    25 |    14 ||    39
       Scorch            |     6 |    11 ||    17
 Stab: Sleeping          |     1 |       ||     1
Armor: Robe              |    12 |     1 ||    13
Dodge: Dodged            |    34 |     4 ||    38
